 Dungeon Crawl Stone Soup version 0.30-a0-802-gb92711bcdf (webtiles) character file.

Game seed: 1192988301625977309

33355 cheesebisquit the Frost Mage (level 13, -33/99 HPs)
             Began as a Merfolk Ice Elementalist on Feb 24, 2023.
             Was a High Priest of Qazlal.
             Annihilated by Rupert
             ... wielding a +2 great mace of holy wrath
              (35 damage)
             ... on level 3 of the Lair of Beasts.
             The game lasted 01:36:04 (20396 turns).

cheesebisquit the Frost Mage (MfIE)                Turns: 20396, Time: 01:36:05

Health: -33/99     AC: 26    Str:  8    XL:     13   Next: 70%
Magic:  26/37      EV: 17    Int: 19    God:    Qazlal [*****.]
Gold:   0          SH:  6    Dex: 15    Spells: 8/34 levels left

rFire   + . .      SeeInvis .    J - +1 halberd (venom)
rCold   + . .      Faith    .    (shield currently unavailable)
rNeg    . . .      Spirit   .    D - +2 robe {rC+ rF+}
rPois   .          Reflect  .    s - +2 helmet
rElec   .          Harm     .    x - +2 cloak
rCorr   .          Rampage  .    n - +2 pair of gloves
Will    .....                    u - +0 pair of boots
Stlth   +                        (no amulet)
HPRegen 0.36/turn                B - ring of wizardry
MPRegen 0.25/turn                U - ring of magical power

@: ice-armoured, protected from physical damage, freezing walls, repel missiles
A: (nimble swimmer 2), mertail
a: Renounce Religion, Upheaval, Elemental Force, Disaster Area


You were on level 3 of the Lair of Beasts.
You worshipped Qazlal.
Qazlal was extremely pleased with you.
You visited 3 branches of the dungeon, and saw 16 of its levels.
You also visited: Ossuary.

You collected 957 gold pieces.
You spent 957 gold pieces at shops.

Inventory:

Hand Weapons
 a - a +2 trident
 b - a +0 sling
 m - a +1 spear
 J - a +1 halberd of venom (weapon)
 X - a +4 halberd
Missiles
 e - 4 curare-tipped darts
 f - 3 atropa-tipped darts
 j - 12 boomerangs
 I - 62 poisoned darts (quivered)
 O - a throwing net
Armour
 n - a +2 pair of gloves (worn)
 s - a +2 helmet (worn)
 u - a +0 pair of boots (worn)
 x - a +2 cloak (worn)
 D - a +2 robe of resistance (worn)
 P - a +2 leather armour of fire resistance
 S - +0 acid dragon scales
 V - a +0 buckler
Jewellery
 c - a ring of poison resistance
 B - a ring of wizardry (left hand)
 R - a ring of flight
 U - a ring of magical power (right hand)
Wands
 k - a wand of charming (16)
 o - a wand of light (6)
 v - a wand of flame (21)
 F - a wand of digging (4)
 N - a wand of mindburst (3)
 Q - a wand of roots (7)
Scrolls
 d - a scroll of brand weapon
 g - a scroll of blinking
 h - 2 scrolls of fog
 i - a scroll of torment {unknown}
 l - 2 scrolls of summoning
 p - 5 scrolls of amnesia
 r - 8 scrolls of identify
 t - a scroll of enchant weapon
 y - 2 scrolls of immolation
 C - 6 scrolls of teleportation
 E - 5 scrolls of poison
 L - 3 scrolls of magic mapping
 M - 4 scrolls of vulnerability
 W - a scroll of fear
Potions
 q - 5 potions of flight
 w - 4 potions of might
 z - 2 potions of lignification
 A - 7 potions of brilliance
 G - a potion of heal wounds {unknown}
 H - 7 potions of magic
 K - 4 potions of mutation
 T - 2 potions of attraction


   Skills:
 + Level 8.7 Fighting
 + Level 10.4 Polearms
 + Level 10.9 Dodging
 - Level 2.1 Stealth
 + Level 11.4 Spellcasting
 + Level 13.9 Ice Magic
 + Level 8.2 Invocations


You had 8 spell levels left.
You knew the following spells:

 Your Spells              Type           Power      Damage    Failure   Level
a - Freeze                Ice            100%       1d10      0%          1
b - Hailstorm             Conj/Ice       37%        3d9       1%          3
c - Summon Ice Beast      Ice/Summ       37%        N/A       1%          4
d - Ensorcelled Hibernat  Hex/Ice        74%        N/A       1%          2
e - Ice Form              Ice/Tmut       37%        N/A       1%          4
f - Simulacrum            Ice/Necr       18%        N/A       22%         6
x - Ozocubu's Armour      Ice            59%        N/A       1%          3
z - Frozen Ramparts       Ice            100%       1d16      1%          3

Your spell library contained the following spells:

 Spells                   Type           Power      Damage    Failure   Level
 Sting                    Tmut/Pois      40%        1d5       2%          1
 Passwall                 Tmut/Erth      8%         N/A       4%          2
 Poisonous Vapours        Pois/Air       20%        N/A       4%          2
 Kindle Blastsparks       Fire/Tloc/Air  20%        2d11      8%          3
 Swiftness                Air            10%        N/A       8%          3
 Fulminant Prism          Conj/Hex       5%         3d7       26%         4
 Iskenderun's Mystic Bla  Conj/Tloc      10%        2d4       26%         4
 Olgreb's Toxic Radiance  Pois           10%        N/A       26%         4
 Summon Lightning Spire   Summ/Air       10%        N/A       26%         4
 Lee's Rapid Deconstruct  Erth           5%         3d6*      54%         5
 Storm Form               Tmut/Air       5%         N/A       100%        7
 Maxwell's Capacitive Co  Air            5%         ∞         100%        8


Dungeon Overview and Level Annotations

Branches:
Dungeon (12/15)            Temple (1/1) D:7            Lair (3/5) D:11
  Swamp (0/4) Lair:2          Orc (0/2) D:9         Ossuary (visited)
  Snake: Lair:2-3    Spider: Lair:2-3

Altars:
Ashenzari
Cheibriados
Dithmenos
Elyvilon
Fedhas
Gozag
Hepliaklqana
Kikubaaqudgha
Makhleb
Nemelex Xobeh
Okawaru
Qazlal
Ru
Sif Muna
Trog
Uskayaw
Vehumet
Wu Jian
Xom
Yredelemnul
Zin
The Shining One
Jiyva

Shops:
D:3 (:   D:5 *   D:6 *   D:8 ?   D:11 [

Annotations:
D:9 2 transporters, pokeman's ghost, journeyman DEHW
D:11 3 runed translucent doors, Pimp's ghost, journeyman HOFi
Lair:1 exclusion: orange crystal statue
Lair:3 Rupert


Innate Abilities, Weirdness & Mutations

((You are very nimble when in or above water. (Stealth+, EV+, Speed+++)))
Your lower body shifts to a powerful aquatic tail in water.


Message History

You feel less confused.
Rupert resists.
The wall freezes Rupert.
Rupert hits you but does no damage.
Rupert resists.
The wall freezes Rupert.
Rupert hits you with a +2 great mace of holy wrath!
You feel protected from physical attacks.
Your ice beast barely misses Rupert.
Aiming: Upheaval
Press: ? - help, Dir - move target, f - Rupert
Aim: Rupert, wielding a +2 great mace of holy wrath and wearing a +1 ring mail of cold resistance (moderately wounded, berserk, very poisoned, ally target) Really fire at your ice beast?
Okay, then.
Aiming: Upheaval
Press: ? - help, Dir - move target, f/p - Rupert
Aim: Rupert, wielding a +2 great mace of holy wrath and wearing a +1 ring mail of cold resistance (moderately wounded, berserk, very poisoned, ally target)
Okay, then.
You hit Rupert.
Rupert looks as sick as possible!
Rupert is moderately wounded.
Rupert resists.
The wall freezes Rupert.
Rupert hits you with a +2 great mace of holy wrath!!
Your ice beast hits Rupert but does no damage.
You closely miss Rupert.
Rupert is moderately wounded.
The wall freezes Rupert but does no damage.
You block Rupert's attack.
Rupert is struck by lightning.
Rupert resists.
The wall freezes Rupert.
Rupert misses you.
Your ice beast hits Rupert.
Your ice beast freezes Rupert!
Rupert resists.
You hit Rupert but do no damage.
Rupert is heavily wounded.
Rupert resists.
The wall freezes Rupert.
Rupert hits you with a +2 great mace of holy wrath!!
You feel more protected from physical attacks.
You puncture Rupert!
Rupert looks as sick as possible!
Rupert is heavily wounded.
Rupert resists.
The wall freezes Rupert.
Rupert hits you with a +2 great mace of holy wrath!!!
* * * LOW HITPOINT WARNING * * *
Your ice beast barely misses Rupert.
Rupert is struck by lightning.
Rupert resists.
The wall freezes Rupert.
Rupert hits you with a +2 great mace of holy wrath!!
You die...

#### #... ..... ..P
#P... ..## ##P..##..#
### #P...P..P##).##.
.#....#
#.....§§°.....
##.....##
#...☼.☼.......
#P....(.# #○Y@.#
#......## ##.@####
........#####.#..#.#
..................#
..................##
...................#
..#.###...#.####....P
.P####....### ......
.## #....# ..###.


You could see Rupert (berserk, extremely poisoned, ally target) and a friendly
ice beast (summoned).

Vanquished Creatures
  A hydra (Lair:2)
  A catoblepas (Lair:3)
  Erica (D:10)
  2 ghost crabs (Lair:2)
  A boulder beetle (D:10)
  4 death yaks
  A skyshark (Lair:2)
  Sonja (D:11)
  A spectral hydra (Lair:2)
  An oklob plant (Lair:3)
  A cyclops (D:11)
  2 black mambas
  3 elephants (Lair:2)
  A torpor snail (Lair:1)
  3 cane toads
  A gargoyle (D:11)
  A kobold demonologist (D:11)
  7 komodo dragons
  A spectral skyshark (Lair:2)
  A hornet (D:9)
  A nameless horror (Lair:1)
  5 blink frogs (Lair:3)
  2 spectral black mambas (Lair:2)
  2 wraiths (D:9)
  40 yaks
  2 wyverns
  2 fire bats (Lair:2)
  A spectral komodo dragon (Lair:2)
  A vampire mosquito (D:12)
  2 acid dragons
  4 water moccasins
  2 black bears
  4 orc warriors
  An ogre (D:6)
  7 wolves
  5 centaurs
  3 lemures (D:8)
  4 kobold brigands
  7 bullfrogs
  2 necrophages
  A gnoll sergeant (D:9)
  A spectral water moccasin (Lair:2)
  A scorpion (D:5)
  4 wights (D:8)
  10 killer bees
  An electric eel (Lair:2)
  2 orc priests
  2 gnoll boudas
  5 hounds
  2 jellies
  5 iguanas
  4 orc wizards
  3 mummies (Ossuary)
  10 gnolls
  4 adders
  A shadow imp (D:4)
  2 white imps
  An ufetubus (D:4)
  3 worms
  6 dart slugs
  37 orcs
  6 endoplasms
  3 giant cockroaches
  A gnoll zombie (Ossuary)
  4 goblins
  7 hobgoblins
  2 jackals (D:2)
  5 quokkas
  8 ball pythons
  2 bats (D:1)
  2 frilled lizards
  2 goblin zombies (Ossuary)
  4 jackal zombies (Ossuary)
  23 kobolds
  8 rats
  2 rat zombies (Ossuary)
316 creatures vanquished.

Vanquished Creatures (collateral kills)
  A two-headed ogre (D:11)
  Pikel (D:8)
  A deep elf pyromancer (D:12)
  A black mamba (Lair:3)
  2 rime drakes
  A komodo dragon (Lair:1)
  2 trolls (D:12)
  3 blink frogs (Lair:3)
  3 basilisks
  14 yaks
  A vampire mosquito (D:12)
  A water moccasin (Lair:3)
  An orc warrior (D:9)
  3 wolves (Lair:1)
  A lemure (D:8)
  A kobold brigand (D:11)
  An electric eel (Lair:2)
  2 orc priests
  2 hound zombies (Ossuary)
  A mummy (Ossuary)
  An adder zombie (Ossuary)
  An orc (D:12)
  A kobold (D:11)
46 creatures vanquished.

Vanquished Creatures (others)
  5 fungi
  18 plants
23 creatures vanquished.

Grand Total: 385 creatures vanquished

Notes
Turn   | Place    | Note
-------+----------+-------------------------------------------
     0 | D:1      | cheesebisquit the Merfolk Ice Elementalist began the quest
                  | for the Orb.
     0 | D:1      | Reached XP level 1. HP: 13/13 MP: 3/3
   519 | D:1      | Reached XP level 2. HP: 19/19 MP: 1/5
  1100 | D:2      | Reached XP level 3. HP: 21/24 MP: 4/7
  1151 | D:2      | Reached skill level 5 in Ice Magic
  1668 | D:2      | Reached XP level 4. HP: 30/30 MP: 6/8
  2084 | D:3      | Found a shimmering blue altar of Sif Muna.
  2240 | D:3      | Found Jiem's Antique Weapon Emporium.
  2324 | D:3      | Found Gash's Book Shop.
  2591 | D:3      | Learned a level 3 spell: Frozen Ramparts
  2786 | D:3      | Found a faded altar of an unknown god.
  2786 | D:3      | Found a hazy altar of Hepliaklqana.
  2786 | D:3      | Found a faded altar of an unknown god.
  2795 | D:3      | Reached XP level 5. HP: 35/35 MP: 5/10
  2868 | D:3      | Found a sacrificial altar of Ru.
  2961 | D:3      | Found an iron altar of Okawaru.
  3457 | D:4      | Found a broken altar of Ashenzari.
  3847 | D:4      | Reached skill level 6 in Ice Magic
  3853 | D:4      | Learned a level 3 spell: Ozocubu's Armour
  3858 | D:4      | Learned a level 4 spell: Summon Ice Beast
  4273 | D:5      | Entered Level 5 of the Dungeon
  4312 | D:5      | Reached XP level 6. HP: 41/41 MP: 5/12
  4616 | D:5      | Found Xuthiu's General Store.
  4624 | D:5      | Bought a potion of resistance for 100 gold pieces
  4624 | D:5      | Bought a scroll of poison for 40 gold pieces
  4905 | D:5      | Found a blossoming altar of Fedhas.
  5109 | D:5      | Found a white marble altar of Elyvilon.
  5184 | D:5      | Reached skill level 7 in Ice Magic
  5184 | D:5      | Reached XP level 7. HP: 46/46 MP: 8/14
  5435 | D:6      | Reached skill level 5 in Spellcasting
  5486 | D:6      | Learned a level 3 spell: Hailstorm
  5670 | D:6      | Found a shimmering altar of Xom.
  6378 | D:6      | Reached skill level 8 in Ice Magic
  6433 | D:6      | Found Tiupp's Assorted Antiques.
  6436 | D:6      | Bought a scroll of identify for 62 gold pieces
  6436 | D:6      | Bought a scroll of identify for 62 gold pieces
  6533 | D:6      | Reached XP level 8. HP: 50/52 MP: 9/17
  6955 | D:7      | Noticed a wyvern
  6965 | D:7      | Killed a wyvern
  6966 | D:7      | Reached skill level 9 in Ice Magic
  7070 | D:7      | Learned a level 2 spell: Ensorcelled Hibernation
  7075 | D:7      | Learned a level 4 spell: Ice Form
  7096 | D:7      | Found a staircase to the Ecumenical Temple.
  7102 | Temple   | Entered the Ecumenical Temple
  7118 | Temple   | Became a worshipper of Qazlal Stormbringer
  7924 | D:8      | Found Notyij's Magic Scroll Shoppe.
  7966 | D:8      | Reached XP level 9. HP: 44/57 MP: 11/20
  7973 | D:8      | Found a sand-covered staircase.
  7991 | Ossuary  | Entered an ossuary
  8401 | Ossuary  | Reached * piety under Qazlal
  8517 | D:8      | Reached skill level 10 in Ice Magic
  8755 | D:8      | Bought 2 scrolls of identify for 56 gold pieces
  8755 | D:8      | Bought a scroll of blinking for 105 gold pieces
  8959 | D:8      | Noticed Pikel
  9064 | D:8      | Killed Pikel
  9323 | D:9      | Reached skill level 11 in Ice Magic
  9384 | D:9      | Found a transporter.
  9431 | D:8      | Bought a scroll of teleportation for 42 gold pieces
 10078 | D:9      | Reached ** piety under Qazlal
 10079 | D:9      | Reached skill level 1 in Polearms
 10292 | D:9      | Noticed a centaur warrior
 10296 | D:9      | Noticed a freezing wraith
 10297 | D:9      | Noticed pokeman's ghost (journeyman DEHW)
 10309 | D:9      | Found a transporter.
 10360 | D:9      | Reached skill level 1 in Fighting
 10401 | D:9      | Noticed a hornet
 10418 | D:9      | Killed a hornet
 10548 | D:9      | Reached XP level 10. HP: 38/67 MP: 15/22
 10820 | D:9      | Found a radiant altar of Vehumet.
 11014 | D:9      | Found a staircase to the Orcish Mines.
 11073 | D:10     | Entered Level 10 of the Dungeon
 11534 | D:10     | Reached skill level 5 in Dodging
 11534 | D:10     | Reached skill level 1 in Invocations
 11746 | D:10     | Found an opulent altar of Gozag.
 11826 | D:10     | Found an ancient bone altar of Kikubaaqudgha.
 11845 | D:10     | Noticed Erica
 11853 | D:10     | Killed Erica
 12306 | D:11     | Noticed a boulder beetle
 12306 | D:11     | Found Tomin's Armour Shop.
 12599 | D:10     | Found an opulent altar of Gozag.
 12746 | D:10     | Killed a boulder beetle
 12747 | D:10     | Reached skill level 5 in Polearms
 13239 | D:10     | Found an ancient bone altar of Kikubaaqudgha.
 13337 | D:11     | Reached XP level 11. HP: 77/77 MP: 20/24
 13417 | D:11     | Noticed a cyclops
 13426 | D:11     | Killed a cyclops
 13498 | D:11     | Found a snail-covered altar of Cheibriados.
 13507 | D:11     | Noticed Sonja
 13521 | D:11     | Noticed a two-headed ogre
 13527 | D:11     | Killed Sonja
 13527 | D:11     | Killed a two-headed ogre
 13528 | D:11     | Reached skill level 12 in Ice Magic
 13630 | D:11     | Reached skill level 5 in Fighting
 13849 | D:11     | Found a runed translucent gate.
 13849 | D:11     | Found a runed translucent gate.
 13849 | D:11     | Found a runed translucent gate.
 13852 | D:11     | Noticed Pimp's ghost (journeyman HOFi)
 13940 | D:11     | Found a staircase to the Lair.
 14061 | D:11     | Noticed a glowing orange brain
 14063 | D:11     | Found a viscous altar of Jiyva.
 14768 | D:12     | Noticed a deep elf pyromancer
 14793 | D:12     | Killed a deep elf pyromancer
 14794 | D:12     | Reached skill level 10 in Spellcasting
 15406 | Lair:1   | Entered Level 1 of the Lair of Beasts
 15422 | Lair:1   | Reached *** piety under Qazlal
 15529 | Lair:1   | Reached skill level 5 in Invocations
 15941 | Lair:1   | Reached XP level 12. HP: 73/88 MP: 23/26
 17326 | Lair:2   | Noticed a four-headed hydra
 17408 | Lair:2   | Killed a seven-headed hydra
 17409 | Lair:2   | Reached skill level 13 in Ice Magic
 17424 | Lair:2   | Reached **** piety under Qazlal
 17930 | Lair:2   | Noticed a skyshark
 17945 | Lair:2   | Killed a skyshark
 18165 | Lair:2   | Noticed a death yak
 18168 | Lair:2   | Noticed a death yak
 18175 | Lair:2   | Noticed a death yak
 18180 | Lair:2   | Killed a death yak
 18188 | Lair:2   | Killed a death yak
 18189 | Lair:2   | Reached XP level 13. HP: 94/98 MP: 17/27
 18324 | Lair:2   | Reached skill level 10 in Dodging
 18444 | Lair:2   | Learned a level 6 spell: Simulacrum
 18735 | Lair:2   | Found a staircase to the Swamp.
 19518 | Lair:3   | Reached skill level 10 in Polearms
 19827 | D:11     | Bought a +2 robe of resistance for 490 gold pieces
 19964 | Lair:3   | Reached ***** piety under Qazlal
 20383 | Lair:3   | Noticed Rupert
 20396 | Lair:3   | HP: 2/99 [Rupert/+2 great mace of holy wrath (38)]
 20396 | Lair:3   | Annihilated by Rupert

Illustrated notes

Levels and vault maps discovered:
D:1:      psy_arrival_heroes, layout_loops_corners
D:2:      layout_loops_cross
D:3:      layout_loops_corners, nicolae_hepliaklqana_ecumenical_no_more,
          mainiacjoe_overflow_tiny_flanked, amcnicky_altar_gilded,
          overflow_temple_1_default, serial_shops, shop, shop
D:4:      layout_gridville, marbit_many_paths
D:5:      layout_loops_ring, mainiacjoe_overflow_two_lobes, serial_shops,
          nicolae_shop_crystal
D:6:      layout_loops_ring, kennysheep_little_box, serial_shops,
          nicolae_shop_window_shopping
D:7:      layout_basic, minmay_temple_entry_enclosed_plants
D:8:      layout_rooms, serial_shops, shop,
          nicolae_ossuary_entry_false_entrances, uniq_pikel
D:9:      layout_long_grid, overflow_temple_1_default, hiddenorc1_lemuel,
          gammafunk_ghost_arena, st_stairs_3
D:10:     layout_irregular_city, mainiacjoe_overflow_alcove_2,
          lemuel_doored_altar, uniq_erica
D:11:     layout_long_grid, david_lair_shrubbed, serial_shops,
          nicolae_stop_n_shop_2, gammafunk_ghost_ooze, kennysheep_slug_shrine,
          uniq_sonja
D:12:     layout_irregular_city
Temple:   minmay_freezing_vapour_temple
Lair:1:   statuecave_lemuel, layout_chaotic_city, chequers_serial_rivers_room_a,
          chequers_serial_rivers_small_b, infiniplex_staircase_pool_2
Lair:2:   layout_gridlike, nicolae_swamp_entry_spooky, minmay_holes,
          infiniplex_staircase_pool, grunt_megastairs_2
Lair:3:   layout_gridlike, spider_nest_entry_funnel_web, lemuel_fruit_tree,
          grunt_megastairs_5, uniq_rupert

Skill      XL: |  1  2  3  4  5  6  7  8  9 10 11 12 13 |
---------------+----------------------------------------+-----
Ice Magic      | 5 6 7 8 9 11 12 13 | 13.9
Spellcasting   | 3 4 6 7 8 9 10 11 | 11.4
Polearms       | 2 5 7 9 10 | 10.4
Dodging        | 3 6 8 9 10 | 10.9
Fighting       | 1 4 6 7 8 |  8.7
Invocations    | 3 5 7 8 |  8.2
Stealth        | |  2.1

Action                     |  1- 3 |  4- 6 |  7- 9 | 10-12 | 13-15 || total
---------------------------+-------+-------+-------+-------+-------++-------
  Melee: Mace              |     3 |     2 |       |       |       ||     5
         Trident           |       |    75 |    50 |       |       ||   125
         Whip              |       |     1 |       |       |       ||     1
         Punch             |       |     2 |       |       |       ||     2
         Halberd           |       |       |    88 |   286 |   133 ||   507
         Tailslap          |       |       |       |     2 |       ||     2
   Fire: Sling             |       |       |     1 |       |       ||     1
  Throw: Dart              |       |     4 |    14 |    45 |     3 ||    66
   Cast: Freeze            |    50 |    28 |     2 |       |       ||    80
         Frozen Ramparts   |       |    22 |    47 |    78 |    23 ||   170
         Ozocubu's Armour  |       |     7 |    42 |    56 |    14 ||   119
         Ensorcelled Hiber |       |       |     2 |       |       ||     2
         Summon Ice Beast  |       |       |     9 |    58 |    20 ||    87
         Hailstorm         |       |       |     2 |     1 |       ||     3
  Evoke: Wand              |       |       |     6 |       |       ||     6
    Use: Scroll            |       |    12 |    12 |     8 |       ||    32
         Potion            |       |     1 |       |     6 |       ||     7
   Stab: Sleeping          |     1 |     6 |     2 |       |       ||     9
         Invisible         |       |       |     3 |       |       ||     3
         Distracted        |       |       |       |     2 |     1 ||     3
 Armour: Robe              |     2 |    23 |   104 |     6 |    10 ||   145
         Leather armour    |       |       |       |   166 |    57 ||   223
  Dodge: Dodged            |    24 |    51 |   128 |   302 |   102 ||   607
  Block: Other             |       |       |     7 |    45 |    40 ||    92

Table legend: (Time is in decaauts)
 A = Elapsed time spent in this place.
 B = Non-inter-level travel time spent in this place.
 C = Inter-level travel time spent in this place.
 D = Time resting spent in this place.
 E = Time spent auto-exploring this place.
 F = Levels seen in this place.
 G = Mean time per level.
                   A        B        C        D        E       F      G
               +--------+--------+--------+--------+--------+-----+--------+
         Total |  20436 |  19505 |    931 |   3655 |  12780 |  17 | 1202.1 |
       Dungeon |  15272 |  14668 |    604 |   2586 |  10085 |  12 | 1272.7 |
        Temple |     21 |     12 |      9 |      0 |     10 |   1 |   21.0 |
          Lair |   4635 |   4317 |    318 |    858 |   2533 |   3 | 1545.0 |
       Ossuary |    506 |    506 |      0 |    211 |    151 |   1 |  506.0 |
               +--------+--------+--------+--------+--------+-----+--------+

Top non-repeatable levels by time:
  Lair:1: 1996 daAuts
    D:10: 1877 daAuts
  Lair:2: 1753 daAuts
     D:8: 1748 daAuts
     D:9: 1465 daAuts
    D:11: 1459 daAuts
     D:6: 1284 daAuts
     D:3: 1199 daAuts
     D:4: 1112 daAuts
     D:7: 1082 daAuts
     D:5: 1067 daAuts
     D:1: 1064 daAuts
    D:12: 1000 daAuts
     D:2: 910 daAuts
  Lair:3: 885 daAuts
